Map: [TLMC17] Erreholm

Players

FalconsSolar (Solar) - Winner!

  • Race: Zerg Zerg
  • Spawn Location: 1:00

DaveTestaSC

  • Race: Terran Terran
  • League: Diamond
  • Spawn Location: 7:00

VOD

Have the link to the VOD?

Description

Time

  • Played on: March 17, 2025, 7:57 p.m.
  • Length: 4:04
Show
View Real Time Build Order
Export as new Build Order

FalconsSolar Zerg - Winner!

Build Orders: Pool First 

Get SALT Encoding   

  12  0:00  Drone  
  13  0:12  Overlord  
  13  0:17  Drone  
  14  0:30  Drone x2  
  14  0:34  Drone  
  17  0:37  Extractor  
  16  0:45  Spawning Pool  
  15  0:50  Drone  
  17  0:57  Drone  
  17  1:10  Drone  
  18  1:18  Hatchery  
  18  1:22  Drone  
  18  1:34  Queen  
  18  1:38  Zergling x2  
  21  1:45  Metabolic Boost  
  21  1:48  Drone  
  22  1:59  Roach Warren  
  21  2:05  Overlord  
  21  2:14  Overlord  
  21  2:35  Zergling x2  
  21  2:41  Roach  
  21  2:42  Roach x4  
  31  2:47  Roach  
  31  2:51  Zergling x2  
  34  2:53  Zergling x2  
  34  2:57  Zergling x2  
  36  3:04  Zergling x4  
  38  3:07  Ravager  
  39  3:12  Overlord  
  39  3:17  Zergling x2  
  39  3:19  Zergling x2  
  41  3:24  Zergling x2  
  41  3:26  Zergling x2  
  43  3:36  Zergling x6  
  43  3:40  Zergling x2  
  47  3:46  Overlord  
  47  3:47  Ravager  
Show
View Real Time Build Order
Export as new Build Order

DaveTestaSC Terran 

Build Orders: Reaper Expand 

Get SALT Encoding   

  12  0:00  SCV  
  13  0:13  SCV  
  14  0:17  Supply Depot  
  14  0:25  SCV  
  15  0:38  SCV  
  15  0:40  Barracks  
  16  0:46  Refinery  
  16  0:51  SCV  
  17  1:03  SCV  
  18  1:27  Orbital Command  
  18  1:30  Reaper  
  19  1:41  Command Center  
  19  1:52  Supply Depot  
  19  1:53  SCV  
  20  2:01  Marine  
  21  2:10  SCV  
  22  2:17  Factory  
  22  2:22  SCV  
  23  2:34  SCV  
  24  2:39  Barracks Reactor  
  24  2:46  SCV  
  25  2:55  Orbital Command  
  25  2:56  Command Center  
  25  2:58  SCV  
  25  3:02  Refinery  
  26  3:11  SCV  
  27  3:21  SCV  
  27  3:22  Starport  
  27  3:23  SCV  
  27  3:24  Hellion  
  33  3:27  Hellion  
  33  3:29  Barracks Tech Lab  
  33  3:33  SCV  
  34  3:35  SCV  
Tags
 
Add a new tag
Caveats
  • Supply blocks, unpowered buildings, or Contaminate may cause inaccurate times.
  • Supply counts are checked every 10 seconds.